 Dungeon Crawl Stone Soup version 0.26.1-2-gb8aa6d0cf2 (webtiles) character file.

Game seed: 18380055556667036834

100 Gadfly the Skirmisher (level 4, -5/35 HPs)
             Began as a Demonspawn Monk on Feb 11, 2021.
             Killed by nerve-wracking pain
             ... invoked by an orc priest
              (11 damage)
             ... on level 3 of the Dungeon.
             The game lasted 00:03:08 (1784 turns).

Gadfly the Skirmisher (Demonspawn Monk)             Turns: 1784, Time: 00:03:08

Health: -5/35      AC: 10    Str: 12    XL:     4   Next: 47%
Magic:  6/6        EV: 11    Int: 12    God:
Gold:   80         SH:  0    Dex: 15    Spells: 3/3 levels left

rFire    . . .     SeeInvis .   a - +1 hand axe
rCold    . . .     Faith    .   (no shield)
rNeg     . . .     Spirit   .   e - +0 chain mail {rPois}
rPois    +         Reflect  .   (no helmet)
rElec    .         Harm     .   (no cloak)
rCorr    .         Rampage  .   (no gloves)
Will     .....                  (no boots)
Stlth    ..........             (no amulet)
HPRegen  0.11/turn              (no ring)
MPRegen  0.10/turn              (no ring)

@: agile, flying
A: yellow scales 1, powered by pain 1, spiny 1
a: no special abilities


You were on level 3 of the Dungeon.
You visited 1 branch of the dungeon, and saw 3 of its levels.

You collected 80 gold pieces.

Inventory:

Hand Weapons
 a - a +1 hand axe (weapon)
Armour
 e - a +0 chain mail of poison resistance (worn)
Jewellery
 b - an uncursed ring of fire
Scrolls
 d - a scroll of teleportation
Potions
 g - a potion of resistance
 h - a potion of lignification {unknown}
 j - a potion of mutation {unknown}


   Skills:
 - Level 3.0 Fighting
 + Level 3.0 Axes
 * Level 1.8 Armour
 - Level 2.6 Dodging
 - Level 1.7 Stealth
 * Level 2.7 Invocations
 * Level 2.0 Evocations


You had 3 spell levels left.
You didn't know any spells.
Your spell library was empty.

Dungeon Overview and Level Annotations

Branches:
Dungeon (3/15)

Altars:
Nemelex Xobeh


Innate Abilities, Weirdness & Mutations

You are partially covered in yellow scales. (AC +2)
You sometimes gain a little power by taking damage.
You are partially covered in sharp spines.


Message History

The orc priest is struck by your spines.
The orc priest closely misses you.
You hear some strange, mumbled words.
A puff of flame appears from out of thin air!
The puff of flame hits you.
* * * LOW HITPOINT WARNING * * *
You feel less invigorated.
You feel less confused.
The orc wizard gestures wildly while chanting.
The orc wizard blinks!
You hear some strange, mumbled words.
A puff of frost appears from out of thin air!
The puff of frost hits you.
* * * LOW HITPOINT WARNING * * *
You closely miss the orc priest.
The orc priest is lightly wounded.
You closely miss something.
The orc priest calls down the wrath of Beogh upon you.
Pain shoots through your body!
You die...

..#### #.### ..#
#...# # ##)#.### ###
#......# ## ##...
#......# ≈≈##
....≈###....## .≈≈..
##.P≈≈#......#≈≈≈≈.#
...≈≈≈..{....†≈≈≈≈..
≈≈≈≈#@oo...#≈≈≈≈..
≈≈.###....###.≈≈..
≈≈ #......# ≈≈≈.#
≈........≈≈≈≈..
≈≈#..)...#≈≈ ≈..
≈.###....###.≈≈.. ≈≈
...... ≈≈ ≈≈ .......


You could see 2 orc priests.

Vanquished Creatures
  Terence (D:3)
  2 adders (D:2)
  A worm (D:2)
  A leopard gecko (D:2)
  5 orcs (D:3)
  2 giant cockroaches (D:2)
  7 goblins
  7 hobgoblins
  10 jackals (D:1)
  2 bats
  2 frilled lizards (D:2)
  2 kobolds
  2 rats
44 creatures vanquished.

Vanquished Creatures (others)
  12 plants (D:3)
12 creatures vanquished.

Grand Total: 56 creatures vanquished

Notes
Turn   | Place    | Note
-------+----------+-------------------------------------------
     0 | D:1      | Gadfly the Demonspawn Monk began the quest for the Orb.
     0 | D:1      | Reached XP level 1. HP: 18/18 MP: 1/1
   366 | D:1      | Reached skill level 1 in Invocations
   368 | D:1      | Gained mutation: You are partially covered in yellow
                  | scales. (AC +2) [demonic ancestry]
   368 | D:1      | Reached XP level 2. HP: 23/24 MP: 2/2
   680 | D:1      | Reached skill level 1 in Evocations
   764 | D:1      | Reached skill level 1 in Armour
   985 | D:2      | Gained mutation: You are partially covered in sharp spines.
                  | [demonic ancestry]
   985 | D:2      | Reached XP level 3. HP: 8/29 MP: 4/4
  1579 | D:3      | Found a sparkling altar of Nemelex Xobeh.
  1614 | D:3      | Noticed Terence
  1637 | D:3      | Killed Terence
  1638 | D:3      | Gained mutation: You sometimes gain a little power by
                  | taking damage. [demonic ancestry]
  1638 | D:3      | Reached XP level 4. HP: 25/35 MP: 5/5
  1784 | D:3      | Killed from afar by an orc priest

Illustrated notes

Levels and vault maps discovered:
D:1:      dpeg_arrival_concentric_ovals, layout_loops_ring
D:2:      layout_rooms
D:3:      wad_lake_hut, layout_rooms, nicolae_overflow_hidden_temple,
          uniq_terence

Skill      XL: |  1  2  3  4 |
---------------+-------------+-----
Invocations    | 1 2 |  2.7
Evocations     | 1 2 |  2.0
Armour         | 1 |  1.8
Axes           | 3 |  3.0
Fighting       | |  3.0
Dodging        | |  2.6
Stealth        | |  1.7

Action                   |  1- 3 |  4- 6 || total
-------------------------+-------+-------++-------
Melee: Hand axe          |   120 |    20 ||   140
  Use: Scroll            |     6 |       ||     6
       Potion            |       |     2 ||     2
Armor: Ring mail         |    23 |       ||    23
       Chain mail        |    36 |    12 ||    48
Dodge: Dodged            |    61 |     6 ||    67
